 Dungeon Crawl Stone Soup version 0.18-a0-917-g8a3da5b (webtiles) character file.

473 cluie the Firebug (level 6, -8/44 HPs)
             Began as a Demonspawn Fire Elementalist on Dec 26, 2015.
             Killed by divine providence
             ... invoked by an orc priest
              (14 damage)
             ... on level 5 of the Dungeon.
             The game lasted 00:06:23 (3618 turns).

cluie the Firebug (Demonspawn Fire Elementalist)    Turns: 3618, Time: 00:06:24

Health: -8/44      AC:  9    Str:  8    XL:     6   Next: 84%
Magic:  0/11       EV: 12    Int: 19    God:
Gold:   170        SH:  0    Dex: 13    Spells: 3 memorised, 3 levels left

rFire  . . .     SeeInvis .     v - +2 mace (protect)
rCold  . . .     Gourm    .     a - +0 robe
rNeg   . . .     Faith    .     (no shield)
rPois  .         Spirit   +     j - +0 helmet
rElec  .         Dismiss  .     w - +0 cloak (curse)
rCorr  .         Reflect  .     (no gloves)
SustAt .         Harm     .     (no boots)
MR     .....                    (no amulet)
Stlth  ++........               (no ring)
                                (no ring)

@: not resistant to hostile enchantments, unstealthy
A: spiny 1, magic shield
a: no special abilities


You were on level 5 of the Dungeon.
You were hungry.

You visited 1 branch of the dungeon, and saw 5 of its levels.

You collected 170 gold pieces.

Inventory:

Hand Weapons
 s - a +0 dagger of venom
 v - a +2 mace of protection (weapon)
Missiles
 q - a throwing net (quivered)
Armour
 a - a +0 robe (worn)
 j - a +0 helmet (worn)
 w - a cursed +0 cloak (worn)
Jewellery
 i - an uncursed ring of ice
Wands
 o - a wand of confusion (24/48)
Scrolls
 h - a scroll of fear {unknown}
 k - 4 scrolls of identify {unknown}
 r - a scroll of recharging {unknown}
 t - a scroll of random uselessness {unknown}
 u - a scroll of noise {unknown}
Potions
 d - 2 potions of flight {unknown}
 e - a potion of might {unknown}
 g - 3 potions of curing {unknown}
 n - 2 potions of mutation {unknown}
 p - 2 potions of cure mutation {unknown}
Books
 b - a book of Flames

   Spells                             Type                      Level
   a - Flame Tongue                   Conjuration/Fire             1
   b - Throw Flame                    Conjuration/Fire             2
   c - Conjure Flame                  Conjuration/Fire             3
   d - Inner Flame                    Hexes/Fire                   3
   e - Sticky Flame                   Conjuration/Fire             4
   f - Fireball                       Conjuration/Fire             5
Comestibles
 c - 5 bread rations
 f - a meat ration
 l - a fruit
 m - 2 slices of pizza


   Skills:
 - Level 1.7 Fighting
 - Level 2.5 Dodging
 - Level 1.7 Stealth
 + Level 3.4 Spellcasting
 * Level 4.2 Conjurations
 * Level 4.3 Fire Magic


You had 3 spell levels left.
You knew the following spells:

 Your Spells              Type           Power        Failure   Level  Hunger
a - Flame Tongue          Conj/Fire      ###..        2%          1    None
b - Conjure Flame         Conj/Fire      ###.....     10%         3    ###....
c - Sticky Flame          Conj/Fire      ###.....     28%         4    ####...


Dungeon Overview and Level Annotations

Branches:
Dungeon (5/15)
 Temple: D:4-7

Altars:
Dithmenos
Elyvilon
Fedhas
Kikubaaqudgha
Pakellas
Trog

Shops:
D:4 =(


Innate Abilities, Weirdness & Mutations

You are partially covered in sharp spines.
When hurt, damage is shared between your health and your magic reserves.


Message History

a dagger; a robe
There are monsters nearby!
You hit the orc.
You kill the orc!
You closely miss the orc priest.
The orc priest mumbles some strange prayers to Beogh against you.
Something smites you!
* * * LOW HITPOINT WARNING * * *
The orc priest is struck by your spines.
The orc priest barely misses you.
Casting: Flame Tongue
Confirm with . or Enter, or press ? or * to list all spells.
Aiming: Flame Tongue
Press: ? - help, Shift-Dir - straight line, f - orc priest
Aim: an orc priest, wielding a flail and wearing a glowing leather armour (heavily wounded)
The flame tongue hits the orc priest.
The orc priest is severely wounded.
The orc priest calls down the wrath of Beogh upon you.
Something smites you!
You die...

....#########.......#
............#.......#
#'####......#.......#
....##......#.......#
.....(......+.......#
....##......#..o....#+##
....##......#....o.......
##'###......###o####.....
....##..........@..# ....
...................# ...
...................# ..
............######## .
............#
....######### #####


You could see 2 orc priests.

Vanquished Creatures
  An ogre (D:4)
  A scorpion (D:5)
  A centaur zombie (D:5)
  A jelly (D:4)
  2 orc wizards
  A hound (D:4)
  10 gnolls
  3 adders
  An ooze (D:4)
  A worm (D:4)
  3 giant geckos
  15 orcs
  2 giant cockroaches
  5 goblins
  4 hobgoblins
  6 jackals (D:3)
  4 kobolds
  A quokka (D:3)
  5 bats
  6 giant newts
  11 rats
84 creatures vanquished.

Notes
Turn   | Place    | Note
--------------------------------------------------------------
     0 | D:1      | cluie the Demonspawn Fire Elementalist began the quest for the Orb.
     0 | D:1      | Reached XP level 1. HP: 13/13 MP: 3/3
   217 | D:1      | Gained mutation: When hurt, damage is shared between your health and your magic reserves. [demonic ancestry]
   217 | D:1      | Reached XP level 2. HP: 10/19 MP: 1/5
  1810 | D:2      | Reached XP level 3. HP: 25/25 MP: 6/6
  1852 | D:3      | Reached skill level 1 in Fighting
  2040 | D:3      | Found an oddly glowing altar of Pakellas.
  2118 | D:3      | Found a bloodstained altar of Trog.
  2156 | D:3      | Learned a level 3 spell: Conjure Flame
  2251 | D:3      | Gained mutation: You are partially covered in sharp spines. [demonic ancestry]
  2251 | D:3      | Reached XP level 4. HP: 30/32 MP: 7/7
  2261 | D:3      | Reached skill level 3 in Fire Magic
  2597 | D:3      | Learned a level 4 spell: Sticky Flame
  2689 | D:4      | Found Tiang's Jewellery Shop.
  2711 | D:4      | Found an ancient bone altar of Kikubaaqudgha.
  2774 | D:4      | Reached XP level 5. HP: 27/38 MP: 6/9
  2807 | D:4      | Found Beotekae's Antique Weapon Shop.
  2814 | D:4      | Noticed an ogre
  2831 | D:4      | Killed an ogre
  2831 | D:4      | Reached XP level 6. HP: 18/44 MP: 0/10
  3237 | D:4      | Found a shadowy altar of Dithmenos.
  3237 | D:4      | Found a blossoming altar of Fedhas.
  3238 | D:4      | Found a white marble altar of Elyvilon.
  3307 | D:5      | Entered Level 5 of the Dungeon
  3444 | D:5      | Reached skill level 4 in Conjurations
  3618 | D:5      | Killed from afar by an orc priest

Vault maps used:
D:1:      scummos_arrival_hexagon
D:2:      lemuel_upstairs_altar
D:3:      bloody_trog, grunt_pakellas_sulfur
D:4:      kiku_gazebo_pond_becter, gammafunk_temple_overflow_claw, serial_shops,
          nicolae_shop_trees, shop, first_bread
D:5:      minmay_temple_entry_grid, minmay_fountain_box

Action                   |  1- 3 |  4- 6 || total
-------------------------+-------+-------++-------
Melee: Unarmed           |    44 |       ||    44
       Dagger            |    37 |    52 ||    89
       Mace              |       |    21 ||    21
 Cast: Flame Tongue      |    34 |    13 ||    47
       Conjure Flame     |     1 |       ||     1
       Sticky Flame      |       |     1 ||     1
 Stab: Sleeping          |     1 |       ||     1
  Eat: Chunk             |     5 |     4 ||     9
